AoeStats
← _Orca_

Fortress

508954066Analyzed
3v3 RM · 7d ago on Sep 24, 2026· 37m 2s· 6 players
Game mode
Random Map
Map size
Large (8 player)
Population
200
Speed
Normal
Resources
Standard
Victory
Conquest
Starting age
Dark Age
Ending age
Imperial Age
RankedLock teamsTeams togetherTeam positionsShared explorationLock speedFull tech treeHidden civsTurbo modeCheats
Victory
Defeat
🇫🇷 Danes · France
1538
+12
🇫🇷 Persians · France
1493
+14
1460
+15
🇦🇷 Varangians · Argentina
1529
-17
🇧🇩 Portuguese · Bangladesh
1419
-13
🇨🇴 Turks · Colombia
1385
-11
_Orca_
7:46 Feudal Age
11:37 Castle Age
10:14 Double-Bit Axe
10:10 Horse Collar
12:55 Bow Saw
13:08 Loom
19:10 Wheelbarrow
18:25 Town Watch
23:39 Imperial Age
21:53 Gold Mining
21:55 Stone Mining
23:13 Pikeman
23:39 Arson
23:40 Gambesons
24:52 Conscription
24:38 Halberdier
25:47 Hand Cart
25:55 Scale Mail Armor
26:06 Forging
26:01 Fletching
27:51 Elite Organ Gun
29:35 Elite Skirmisher
30:47 Bodkin Arrow
31:07 Chain Mail Armor
32:28 Bracer
32:59 Plate Mail Armor
33:05 Iron Casting
32:59 Arquebus
34:24 Guilds
34:49 Padded Archer Armor
37:18 Leather Archer Armor
38:04 Blast Furnace
SP
6:55 Feudal Age
11:22 Castle Age
9:44 Double-Bit Axe
9:57 Horse Collar
12:27 Bow Saw
12:21 Heavy Plow
16:02 Loom
20:09 Wheelbarrow
21:00 Gold Mining
21:00 Stone Mining
22:53 Hand Cart
26:43 Imperial Age
24:06 Treadmill Crane
24:36 Scale Barding Armor
24:42 Forging
25:49 Chain Barding Armor
26:34 Iron Casting
26:13 Bloodlines
26:34 Husbandry
28:39 Blast Furnace
28:24 Plate Barding Armor
28:12 Conscription
29:07 Ballistics
29:52 Chemistry
28:34 Elite Jarl
30:18 Herbal Medicine
30:23 Fletching
30:44 Masonry
31:03 Bodkin Arrow
31:14 Siege Engineers
32:16 Architecture
33:09 Guilds
33:07 Bracer
34:47 Caravan
35:37 Light Cavalry
Saruman 117
8:14 Feudal Age
11:46 Castle Age
9:47 Horse Collar
10:08 Double-Bit Axe
10:30 Gold Mining
11:01 Padded Archer Armor
11:13 Loom
12:37 Wheelbarrow
15:55 Town Watch
21:11 Leather Archer Armor
23:45 Bow Saw
23:35 Heavy Plow
27:41 Imperial Age
27:31 Hand Cart
27:27 Stone Mining
29:04 Ring Archer Armor
31:07 Heavy Plow
31:09 Fletching
32:19 Bodkin Arrow
33:40 Bracer
34:13 Elite Janissary
Pinardouille la fripouille
6:58 Feudal Age
10:30 Castle Age
8:29 Horse Collar
8:45 Double-Bit Axe
9:01 Horse Collar
13:48 Wheelbarrow
12:58 Loom
20:34 Hand Cart
25:02 Imperial Age
22:29 Gold Mining
23:09 Scale Barding Armor
23:15 Forging
23:42 Heavy Plow
23:28 Town Watch
24:08 Bow Saw
25:29 Chain Barding Armor
25:19 Forging
26:34 Conscription
26:10 Elite Mameluke
26:55 Husbandry
27:09 Bloodlines
27:48 Plate Barding Armor
27:18 Husbandry
28:44 Iron Casting
27:57 Light Cavalry
31:26 Blast Furnace
30:18 Fletching
32:05 Hoardings
32:41 Caravan
33:36 Bodkin Arrow
33:41 Padded Archer Armor
33:42 Scale Mail Armor
33:55 Masonry
33:50 Siege Engineers
34:29 Ballistics
36:07 Gold Shaft Mining
35:22 Stone Mining
35:33 Bracer
36:35 Chemistry
35:31 Murder Holes
Maestro Gim's
7:08 Feudal Age
10:44 Castle Age
8:40 Double-Bit Axe
9:01 Horse Collar
11:45 Scale Mail Armor
11:57 Bow Saw
18:29 Elite Skirmisher
19:03 Fletching
21:03 Bodkin Arrow
21:26 Padded Archer Armor
21:14 Loom
24:29 Wheelbarrow
23:44 Town Watch
24:15 Leather Archer Armor
26:35 Ballistics
27:45 Hand Cart
32:46 Imperial Age
32:37 Bloodlines
32:52 Husbandry
33:32 Bracer
32:54 Cranequins
33:43 Thumb Ring
34:56 Chemistry
36:11 Careening
35:28 Heavy Mounted Crossbowman
38:08 Ring Archer Armor
MissBigoudixxx
7:34 Feudal Age
11:39 Castle Age
9:49 Horse Collar
10:15 Double-Bit Axe
11:52 Loom
13:10 Wheelbarrow
13:13 Bow Saw
13:33 Heavy Plow
19:18 Scale Barding Armor
19:23 Forging
19:47 Bloodlines
20:59 Husbandry
22:39 Chain Barding Armor
23:22 Gold Mining
27:21 Imperial Age
26:19 Iron Casting
26:01 Hand Cart
27:10 Cavalier
28:33 Plate Barding Armor
28:58 Blast Furnace
29:11 Savar
Connection lost

Rejoining the realm…

Still unreachable

The connection could not be restored.

Session expired

The server has moved on; the page needs a fresh start.